 Dungeon Crawl Stone Soup version 0.23.2-33-g5129a83 (webtiles) character file.

Game seed: 996097149299794672

422 frankcastle the Chopper (level 7, 0/52 HPs)
             Began as a Formicid Fighter on June 29, 2019.
             Slain by a hound (3 damage)
             ... on level 4 of the Dungeon.
             The game lasted 00:05:32 (2858 turns).

frankcastle the Chopper (Formicid Fighter)          Turns: 2858, Time: 00:05:33

Health: 0/52       AC:  8    Str: 22    XL:     7   Next: 17%
Magic:  7/7        EV:  9    Int:  8    God:
Gold:   224        SH:  9    Dex: 10    Spells: 6/6 levels left

rFire    . . .     SeeInvis +   a - +0 war axe
rCold    . . .     Gourm    .   c - +0 shield
rNeg     . . .     Faith    .   b - +0 scale mail
rPois    .         Spirit   .   (helmet unavailable)
rElec    .         Reflect  .   (no cloak)
rCorr    .         Harm     +   (no gloves)
MR       .....                  s - +0 pair of boots
Stlth    ..........             j - amulet of harm
HPRegen  0.17/turn              (no ring)
MPRegen  0.10/turn              (no ring)

@: no status effects
A: permanent stasis, dig shafts and tunnels, four strong arms, antennae 3
a: Dig, Shaft Self


You were on level 4 of the Dungeon.
You were very hungry.

You visited 1 branch of the dungeon, and saw 4 of its levels.

You collected 224 gold pieces.

Inventory:

Hand Weapons
 a - a +0 war axe (weapon)
Missiles
 h - 65 bolts
 u - 72 arrows
Armour
 b - a +0 scale mail (worn)
 c - a +0 shield (worn)
 s - a +0 pair of boots (worn)
Jewellery
 j - an amulet of harm (around neck)
 q - a +3 ring of intelligence
Wands
 t - a wand of enslavement (8)
 w - a wand of polymorph (4)
 A - a wand of paralysis (2)
Scrolls
 e - a scroll of teleportation {unknown}
 i - 3 scrolls of amnesia {unknown}
 k - a scroll of noise {unknown}
 l - a scroll of fear {unknown}
 n - 3 scrolls of identify {unknown}
 v - a scroll of remove curse {unknown}
 y - a scroll of magic mapping {unknown}
Potions
 d - 4 potions of might
 g - 3 potions of curing {unknown}
 m - a potion of cancellation {unknown}
 o - 2 potions of magic {unknown}
 p - a potion of mutation {unknown}
 r - 2 potions of flight {unknown}
 x - a potion of resistance
 z - a potion of degeneration {unknown}
 B - 3 potions of heal wounds {unknown}
 C - a potion of brilliance {unknown}
Comestibles
 f - 15 rations


   Skills:
 - Level 3.2 Fighting
 * Level 6.4 Axes
 - Level 3.2 Armour
 * Level 2.3 Dodging
 - Level 3.6 Shields
 * Level 1.1 Evocations


You had 6 spell levels left.
You didn't know any spells.
Your spell library was empty.

Dungeon Overview and Level Annotations

Branches:
Dungeon (4/15)
 Temple: D:4-7

Altars:


Innate Abilities, Weirdness & Mutations

You cannot be hasted, slowed, berserked, paralysed or teleported.
You can dig through walls and to a lower floor.
Your four strong arms can wield two-handed weapons with a shield.
You have a pair of large antennae on your head. (SInv)


Message History

Evoke which item? (* to show all) (? for menu, Esc to quit)
Aiming: Paralyse
Press: ? - help, Shift-Dir - straight line, f/p - ogre
Aim: an ogre, wielding a +0 giant spiked club (chance to defeat MR: 49%)
The ogre resists with some effort.
The ogre hits you with a +0 giant spiked club!
* * * LOW HITPOINT WARNING * * *
The hound bites you but does no damage.
Evoke which item? (* to show all) (? for menu, Esc to quit)
Aiming: Paralyse
Press: ? - help, Shift-Dir - straight line, f/p - ogre
Aim: an ogre, wielding a +0 giant spiked club (chance to defeat MR: 49%)
The ogre resists with some effort.
You block the hound's attack. The ogre barely misses you.
The hound bites you but does no damage.
Evoke which item? (* to show all) (? for menu, Esc to quit)
Aiming: Paralyse
Press: ? - help, Shift-Dir - straight line, f/p - ogre
Aim: an ogre, wielding a +0 giant spiked club (chance to defeat MR: 49%)
The ogre resists with some effort.
The hound bites you.
You die...

#.# #.# .#
#.######.### .#
#####.#.....#..# .#
...............# .#
#..###########.# .#
#..#..# { #.# .#
#..#..# { #.###w#
#..##'# ##+#.##O#
......###+#.P...@##
....⌠...........#h#
#+#.............##.#
#####..##+#..## .# {
#(..#..# {#..# #
###...'.P#{ #..##
.P#####..####...#
................#
#######.........#


You could see an ogre, a worm and a hound.

Vanquished Creatures
  An ogre (D:4)
  A hound (D:4)
  A bullfrog skeleton (D:4)
  2 worker ants (D:4)
  Ijyb (D:3)
  A hound skeleton (D:4)
  Robin (D:3)
  5 adders
  3 gnolls (D:2)
  2 oozes
  A dart slug (D:2)
  3 leopard geckos
  3 orcs (D:3)
  6 bats
  5 giant cockroaches
  11 goblins
  17 hobgoblins
  7 jackals
  3 quokkas
  2 frilled lizards (D:2)
  11 kobolds
  10 rats
  A plant (D:1)
98 creatures vanquished.

Notes
Turn   | Place    | Note
-------+----------+-------------------------------------------
     0 | D:1      | frankcastle the Formicid Fighter began the quest for the
                  | Orb.
     0 | D:1      | Reached XP level 1. HP: 18/18 MP: 1/1
    71 | D:1      | Reached XP level 2. HP: 16/24 MP: 2/2
   356 | D:1      | Reached skill level 1 in Dodging
   403 | D:1      | Reached skill level 3 in Axes
   403 | D:1      | Reached XP level 3. HP: 22/29 MP: 3/3
   822 | D:2      | Reached XP level 4. HP: 17/35 MP: 4/4
   965 | D:2      | Reached skill level 4 in Axes
  1129 | D:2      | Reached XP level 5. HP: 30/41 MP: 5/5
  1915 | D:3      | Noticed Robin
  1931 | D:3      | Killed Robin
  1931 | D:3      | Reached skill level 5 in Axes
  2083 | D:3      | Noticed Ijyb
  2097 | D:3      | Killed Ijyb
  2097 | D:3      | Reached XP level 6. HP: 40/47 MP: 6/6
  2200 | D:3      | Found a faded altar of an unknown god.
  2571 | D:4      | Noticed an ogre
  2583 | D:4      | Reached skill level 6 in Axes
  2612 | D:4      | Killed an ogre
  2612 | D:4      | Reached skill level 1 in Evocations
  2612 | D:4      | Reached XP level 7. HP: 23/52 MP: 7/7
  2858 | D:4      | Slain by a hound

Skill      XL: |  1  2  3  4  5  6 |
---------------+-------------------+-----
Dodging        | 1 2 |  2.3
Axes           | 3 4 5 6 |  6.4
Evocations     | 1 |  1.1
Fighting       | |  3.2
Armour         | |  3.2
Shields        | |  3.6

Action                   |  1- 3 |  4- 6 |  7- 9 || total
-------------------------+-------+-------+-------++-------
Melee: War axe           |    89 |   234 |     5 ||   328
       Unarmed           |       |     4 |       ||     4
 Abil: Dig               |     1 |     1 |       ||     2
Evoke: Wand              |       |     2 |     5 ||     7
 Stab: Paralysed         |       |     4 |       ||     4
  Eat: Chunk             |       |     6 |       ||     6
Armor: Scale mail        |    26 |    98 |     6 ||   130
       Skin              |       |     2 |       ||     2
Dodge: Dodged            |    32 |    66 |     3 ||   101
Block: Shield            |    57 |   125 |     5 ||   187
